 Dungeon Crawl Stone Soup version 0.18-a0-1561-g7b1e397 (webtiles) character file.

197 Oddball22 the Stinger (level 5, 0/31 HPs)
             Began as an Octopode Venom Mage on Mar 13, 2016.
             Killed by divine providence
             ... invoked by an orc priest
              (15 damage)
             ... on level 2 of the Dungeon.
             The game lasted 00:07:07 (2346 turns).

Oddball22 the Stinger (Octopode Venom Mage)         Turns: 2346, Time: 00:07:07

Health: 0/31       AC:  1    Str:  8    XL:     5   Next: 75%
Magic:  3/10       EV: 12    Int: 18    God:
Gold:   128        SH:  0    Dex: 12    Spells: 4 memorised, 1 level left

rFire  . . .     SeeInvis .     (no weapon)
rCold  . . .     Gourm    .     (no shield)
rNeg   . . .     Faith    .     (helmet restricted)
rPois  .         Spirit   .     (no amulet)
rElec  .         Dismiss  .     p - ring of loudness (curse)
rCorr  .         Reflect  .     (no ring)
SustAt .         Harm     .     (no ring)
MR     .....                    (no ring)
Stlth  ++........               (no ring)
                                (no ring)
                                (no ring)
                                (no ring)

@: lethally poisoned (0 -> -5), not resistant to hostile enchantments,
unstealthy
A: almost no armour, amphibious, 8 rings, constrict 8, camouflage 1, gelatinous
body 1
a: no special abilities


You were on level 2 of the Dungeon.
You were not hungry.

You visited 1 branch of the dungeon, and saw 3 of its levels.

You collected 128 gold pieces.

Inventory:

Missiles
 g - 11 poisoned needles
Jewellery
 h - an uncursed amulet of dismissal
 p - a cursed ring of loudness (left tentacle)
Scrolls
 e - 2 scrolls of identify {unknown}
 j - 2 scrolls of fog {unknown}
Potions
 c - a potion of agility {unknown}
 d - a potion of lignification {unknown}
 i - 3 potions of cancellation {unknown}
 k - a potion of curing {unknown}
 n - a potion of brilliance {unknown}
 o - a potion of berserk rage {unknown}
Books
 a - a Young Poisoner's Handbook

   Spells                             Type                      Level
   a - Sting                          Conjuration/Poison           1
   b - Cure Poison                    Poison                       2
   c - Mephitic Cloud                 Conjuration/Poison/Air       3
   d - Olgreb's Toxic Radiance        Poison                       4
   e - Venom Bolt                     Conjuration/Poison           5
 l - a book of Cantrips

   Spells                             Type                      Level
   a - Corona                         Hexes                        1
   b - Animate Skeleton               Necromancy                   1
   c - Summon Small Mammal            Summoning                    1
   d - Apportation                    Translocation                1
Comestibles
 b - 2 bread rations
 f - 2 meat rations


   Skills:
 - Level 2.0 Dodging
 - Level 2.6 Stealth
 * Level 3.8 Spellcasting
 + Level 1.8 Conjurations
 + Level 2.0 Air Magic
 + Level 5.7 Poison Magic


You had one spell level left.
You knew the following spells:

 Your Spells              Type           Power        Failure   Level  Hunger
a - Sting                 Conj/Pois      ###.         3%          1    None
b - Cure Poison           Pois           ###.......   1%          2    ##.....
c - Mephitic Cloud        Conj/Pois/Air  ##......     14%         3    ###....
d - Olgreb's Toxic Radia  Pois           ###.....     17%         4    ####...


Dungeon Overview and Level Annotations

Branches:
Dungeon (3/15)

Altars:
Dithmenos


Innate Abilities, Weirdness & Mutations

You cannot wear most types of armour.
You are amphibious.
You can wear up to eight rings at the same time.
You can use your tentacles to constrict eight enemies at once.
Your skin changes colour to match your surroundings (Stealth).
Your rubbery body absorbs attacks (AC +1).


Message History

You barely miss the orc. Your grab misses the orc. You squeeze the orc.
You kill the orc!
Casting: Sting
Confirm with . or Enter, or press ? or * to list all spells.
Aiming: Sting
Press: ? - help, Shift-Dir - straight line, f - orc priest
Aim: an orc priest, wielding a flail (moderately wounded, poisoned)
The sting hits the orc priest.
The orc priest looks even sicker.
The orc priest is heavily wounded.
You feel sick.
Casting: Sting
Confirm with . or Enter, or press ? or * to list all spells.
Aiming: Sting
Press: ? - help, Shift-Dir - straight line, f/p - orc priest
Aim: an orc priest, wielding a flail (heavily wounded, poisoned)
The sting hits the orc priest.
The orc priest looks even sicker.
The orc priest is severely wounded.
The orc priest mumbles some strange prayers to Beogh against you.
Beogh smites you!
You die...

...####..........#.###.#
.#######.#.............#
....##...#..##.....#####
###.##.#........####
#.##....<....##
#...####.#...#
###....#.##..# ###
#....#.##.)### ..#
####.#.###>o@# ..#
##.#.####### ..#
#......# ..# #......#
..# #......# ..#
#..รท...# ..# #......#
..#####......#
..........)..#


You could see an orc priest.

Vanquished Creatures
  Jessica (D:2)
  Natasha (thrice) (D:2)
  5 adders (D:2)
  2 dart slugs
  3 giant geckos
  2 orcs (D:2)
  3 giant cockroaches
  4 goblins
  7 hobgoblins
  7 kobolds
  5 bats
  4 giant newts
  3 rats (D:1)
49 creatures vanquished.

Notes
Turn   | Place    | Note
--------------------------------------------------------------
     0 | D:1      | Oddball22 the Octopode Venom Mage began the quest for the Orb.
     0 | D:1      | Reached XP level 1. HP: 11/11 MP: 3/3
   131 | D:1      | Reached skill level 5 in Poison Magic
   213 | D:1      | Reached XP level 2. HP: 17/17 MP: 0/5
   538 | D:1      | Reached skill level 1 in Conjurations
   594 | D:1      | Learned a level 2 spell: Cure Poison
   829 | D:1      | Reached XP level 3. HP: 21/21 MP: 5/7
   851 | D:1      | Learned a level 3 spell: Mephitic Cloud
  1224 | D:2      | Noticed Jessica
  1230 | D:2      | Killed Jessica
  1230 | D:2      | Reached skill level 1 in Air Magic
  1230 | D:2      | Reached XP level 4. HP: 27/27 MP: 3/8
  1468 | D:2      | Noticed Natasha
  1477 | D:2      | Killed Natasha
  1786 | D:2      | Reached XP level 5. HP: 29/31 MP: 6/10
  1800 | D:2      | Noticed Natasha
  1805 | D:2      | Killed Natasha
  2100 | D:2      | Found a shadowy altar of Dithmenos.
  2235 | D:2      | Learned a level 4 spell: Olgreb's Toxic Radiance
  2294 | D:2      | Noticed Natasha
  2299 | D:2      | Killed Natasha
  2346 | D:2      | Killed from afar by an orc priest

Vault maps used:
D:1:      lemuel_arrival_lava_pool, hangedman_abyss_or_decor_lesser_grid,
          supply_closet_lemuel
D:2:      nicolae_dithmenos_through_a_glass_darkly, uniq_jessica, uniq_natasha
D:3:      lemuel_crystal_altar, first_bread

Skill      XL: |  1  2  3  4  5 |
---------------+----------------+-----
Poison Magic   | 5 |  5.7
Conjurations   | 1 |  1.8
Spellcasting   | 3 |  3.8
Air Magic      | 1 2 |  2.0
Dodging        | |  2.0
Stealth        | |  2.6

Action                   |  1- 3 |  4- 6 || total
-------------------------+-------+-------++-------
Melee: Unarmed           |    10 |     9 ||    19
 Cast: Sting             |    50 |    54 ||   104
       Olgreb's Toxic Ra |       |     1 ||     1
  Eat: Chunk             |       |     5 ||     5
